 Dungeon Crawl Stone Soup version 0.30-a0-808-g6e0788376e (webtiles) character file.

Game seed: 13462199297645981181

23732 cheesebisquit the Warrior (level 12, -2/121 HPs)
             Began as a Minotaur Berserker on Feb 25, 2023.
             Was a Believer of Trog.
             Killed from afar by Frances (27 damage)
             ... with an iron shot
             ... on level 12 of the Dungeon on Feb 26, 2023.
             The game lasted 00:42:41 (11480 turns).

cheesebisquit the Warrior (Minotaur Berserker)     Turns: 11480, Time: 00:42:42

Health: -2/121     AC: 34    Str: 27    XL:     12   Next: 74%
Magic:  11/11      EV:  9    Int:  4    God:    Trog [**....]
Gold:   271        SH:  0    Dex: 10    Spells: 11/11 levels left

rFire   . . .      SeeInvis .    R - +2 war axe (flame)
rCold   . . .      Faith    .    (no shield)
rNeg    . . .      Spirit   .    d - +2 plate armour
rPois   +          Reflect  .    w - +2 hat {Will+}
rElec   .          Harm     .    O - +2 cloak {rPois}
rCorr   .          Rampage  .    f - +1 pair of gloves
Will    ++++.                    U - +1 pair of boots {Stlth+} Stlth
                                 (no amulet)
HPRegen 1.40/turn                K - ring of willpower
MPRegen 0.12/turn                q - +4 ring of protection

@: strong-willed, on berserk cooldown, regenerating, hasted, very quick
A: horns 2, retaliatory headbutt
a: Renounce Religion, Berserk, Trog's Hand


You were on level 12 of the Dungeon.
You worshipped Trog.
Trog was pleased with you.
You visited 1 branch of the dungeon, and saw 12 of its levels.
You also visited: Bailey.

You collected 1414 gold pieces.
You spent 1143 gold pieces at shops.

Inventory:

Hand Weapons
 p - a +0 sling of electrocution
 F - the +10 dagger "Tidap" {flame, rElec Will- Dex+2}
   (You found it on level 6 of the Dungeon)

   Dex:       It affects your dexterity (+2).
   rElec:     It insulates you from electricity.
   Will:      It decreases your willpower.
 G - a +3 hand axe of freezing
 Q - a +3 halberd of flaming
 R - a +2 war axe of flaming (weapon)
Missiles
 h - 8 throwing nets (quivered)
 l - 19 poisoned darts
 r - 4 curare-tipped darts
 E - 6 datura-tipped darts
 I - 2 boomerangs of dispersal
Armour
 d - a +2 plate armour (worn)
 f - a +1 pair of gloves (worn)
 w - a +2 hat of willpower (worn)
 O - a +2 cloak of poison resistance (worn)
 U - a +1 pair of boots of stealth (worn)
Jewellery
 a - a ring of positive energy
 e - a ring of resist corrosion
 q - a +4 ring of protection (right hand)
 D - a ring of see invisible
 K - a ring of willpower (left hand)
 P - a ring of willpower
Wands
 j - a wand of roots (19)
 u - a wand of digging (5)
 L - a wand of flame (31)
 M - a wand of paralysis (9)
 V - a wand of mindburst (7)
Scrolls
 i - a scroll of silence
 k - a scroll of acquirement {unknown}
 m - 2 scrolls of teleportation
 n - 5 scrolls of magic mapping
 v - a scroll of poison
 x - 2 scrolls of immolation
 y - a scroll of brand weapon {unknown}
 C - a scroll of blinking {unknown}
 J - 3 scrolls of fear
 N - a scroll of torment {unknown}
 S - a scroll of amnesia
 T - 4 scrolls of fog
 X - a scroll of butterflies {unknown}
Potions
 b - 4 potions of brilliance
 c - 3 potions of lignification
 o - 2 potions of resistance
 s - a potion of ambrosia
 t - 3 potions of curing
 A - a potion of cancellation
 B - 3 potions of berserk rage
 H - 2 potions of mutation
 Y - a potion of flight


   Skills:
 + Level 15.5 Fighting
 - Level 14.3 Axes
 + Level 15.3 Armour
 - Level 2.5 Dodging


You had 11 spell levels left.
You didn't know any spells.
Your spell library was empty.

Dungeon Overview and Level Annotations

Branches:
Dungeon (12/15)            Temple (0/1) D:5            Lair (0/5) D:11
    Orc (0/2) D:12         Bailey (visited)

Altars:
Ashenzari
Elyvilon
Fedhas
Gozag
Kikubaaqudgha
Makhleb
Nemelex Xobeh
Vehumet
Xom
Zin
The Shining One

Shops:
D:10 ?***

Annotations:
D:12 Frances


Innate Abilities, Weirdness & Mutations

You have a pair of horns on your head.
You reflexively headbutt those who attack you in melee.


Message History

You feel better. Frances hits you with a +0 glaive!
* * * LOW HITPOINT WARNING * * *
Frances hits you but does no damage.
The orange demon stings you but does no damage.
The soul eater hits you but does no damage.
The orange demon stings you from afar.
* * * LOW HITPOINT WARNING * * *
You closely miss Frances.
Frances is almost dead.
You slash the soul eater! You burn the soul eater. Frances closely misses you.
You feel much better. The soul eater closely misses you.
You furiously retaliate!
You headbutt the soul eater.
The orange demon stings you but does no damage.
The orange demon closely misses you. Frances barely misses you.
You barely miss Frances. You headbutt Frances!
Frances is almost dead.
You barely miss the soul eater.
Your skin stops crawling.
You feel less strong-willed.
Frances chants phrases taken from a devil's mouth.
The shard of ice hits you!!
* * * LOW HITPOINT WARNING * * *
The orange demon completely misses you. The soul eater barely misses you.
The orange demon stings you but does no damage.
Frances hits you but does no damage.
Okay, then.
Your skin crawls.
You feel strong-willed.
The soul eater hits you but does no damage.
The orange demon stings you but does no damage. x2
Frances hits you but does no damage.
Okay, then.
Okay, then.
You feel yourself speed up. Frances hits you with a +0 glaive!
* * * LOW HITPOINT WARNING * * *
The orange demon stings you but does no damage.
The soul eater hits you but does no damage.
The orange demon stings you but does no damage.
Frances whispers indecipherable words.
The iron shot hits you!!
You die...

... # ##... ### # #....
..# # #.#.# #.# # #.#.#
#.# # ###.#.###.#######
##.#.......?..[>..
#.####.#4.....#.#######
#.....@@#....##.#
######.34.#..##.#
##.........#
###########


You could see Frances (fast), a soul eater (summoned) and 2 orange demons.

Vanquished Creatures
  A sphinx (D:11)
  Josephine (D:10)
  A rakshasa (D:10)
  Fannar (D:10)
  A hydra (D:11)
  A boulder beetle (D:11)
  2 centaur warriors (D:10)
  3 ogre magi
  A tengu warrior (D:12)
  Sonja (D:11)
  3 deep elf pyromancers
  2 cyclopes (D:11)
  A manticore (D:7)
  Joseph (D:7)
  Maurice (D:8)
  A gargoyle (D:10)
  A kobold demonologist (D:11)
  Psyche (D:8)
  A komodo dragon (D:11)
  A troll (D:9)
  8 slime creatures (D:12)
  2 vampires (D:12)
  7 yaks
  A wyvern (D:9)
  5 wraiths
  Grum (D:9)
  2 basilisks
  3 vampire mosquitoes (D:11)
  5 acid dragons
  3 water moccasins
  4 orc warriors
  A sky beast (D:7)
  2 ice beasts
  2 black bears (D:11)
  9 wolves
  A centaur (D:11)
  An ogre (D:5)
  A kobold brigand (D:9)
  A bullfrog (D:7)
  2 necrophages
  5 scorpions
  11 gnoll sergeants
  17 wights
  15 killer bees
  3 howler monkeys
  6 hounds
  2 jellies
  Crazy Yiuf (D:4)
  11 orc priests
  8 gnoll boudas
  Terence (D:2)
  2 iguanas (D:6)
  Natasha (thrice) (D:4)
  7 orc wizards
  Robin (D:2)
  29 gnolls
  8 adders
  3 white imps
  3 worms
  3 dart slugs (D:1)
  46 orcs
  6 bats (D:1)
  7 endoplasms
  4 giant cockroaches
  18 goblins
  11 hobgoblins
  10 jackals
  3 quokkas
  4 ball pythons
  2 frilled lizards
  8 kobolds
  8 rats
353 creatures vanquished.

Vanquished Creatures (others)
  20 fungi (D:11)
  19 plants
  A withered plant (D:7)
40 creatures vanquished.

Grand Total: 393 creatures vanquished

Notes
Turn   | Place    | Note
-------+----------+-------------------------------------------
     0 | D:1      | cheesebisquit the Minotaur Berserker began the quest for
                  | the Orb.
     0 | D:1      | Reached XP level 1. HP: 19/19 MP: 0/0
   113 | D:1      | Reached XP level 2. HP: 27/27 MP: 1/1
   521 | D:1      | Reached ** piety under Trog
   522 | D:1      | Reached XP level 3. HP: 33/33 MP: 2/2
   754 | D:2      | Reached skill level 5 in Axes
   847 | D:2      | Noticed Robin
   859 | D:2      | Reached XP level 4. HP: 26/40 MP: 3/3
   868 | D:2      | Killed Robin
   984 | D:2      | Noticed Terence
  1002 | D:2      | Killed Terence
  1061 | D:2      | Reached XP level 5. HP: 34/46 MP: 4/4
  1442 | D:3      | Reached *** piety under Trog
  1575 | D:3      | Found a glowing silver altar of Zin.
  1575 | D:3      | Found a radiant altar of Vehumet.
  1874 | D:4      | Found a shimmering altar of Xom.
  1913 | D:4      | Reached XP level 6. HP: 48/52 MP: 5/5
  1983 | D:4      | Noticed Natasha
  1989 | D:4      | Killed Natasha
  2113 | D:4      | Reached XP level 7. HP: 58/58 MP: 6/6
  2196 | D:4      | Found a broken altar of Ashenzari.
  2200 | D:4      | Found an opulent altar of Gozag.
  2203 | D:4      | Found a glowing golden altar of the Shining One.
  2311 | D:4      | Noticed Natasha
  2317 | D:4      | Killed Natasha
  2349 | D:4      | Reached skill level 10 in Axes
  2394 | D:4      | Found a runed translucent door.
  2395 | D:4      | Noticed Crazy Yiuf
  2487 | D:4      | Killed Crazy Yiuf
  2641 | D:4      | Noticed Natasha
  2649 | D:4      | Killed Natasha
  2680 | D:5      | Entered Level 5 of the Dungeon
  2684 | D:5      | Found a staircase to the Ecumenical Temple.
  3376 | D:6      | Reached XP level 8. HP: 66/66 MP: 7/7
  3440 | D:6      | Reached **** piety under Trog
  3672 | D:6      | Identified the +10 dagger "Tidap" {flame, rElec Will-
                  | Dex+2}
  4206 | D:7      | Reached XP level 9. HP: 61/71 MP: 8/8
  4251 | D:7      | Noticed Joseph
  4253 | D:7      | Noticed a manticore
  4284 | D:7      | Killed a manticore
  4285 | D:7      | Reached skill level 5 in Fighting
  4291 | D:7      | Killed Joseph
  4292 | D:7      | Reached skill level 5 in Armour
  4613 | D:7      | Found an ancient bone altar of Kikubaaqudgha.
  5104 | D:8      | Noticed Psyche
  5115 | D:8      | Killed Psyche
  5116 | D:8      | Reached XP level 10. HP: 88/88 MP: 6/9
  5138 | D:8      | Noticed Maurice
  5169 | D:8      | Killed Maurice
  5421 | D:8      | Found a burning altar of Makhleb.
  5586 | D:8      | Found a sparkling altar of Nemelex Xobeh.
  5810 | D:9      | Found a blossoming altar of Fedhas.
  5817 | D:9      | Noticed Grum
  5832 | D:9      | Killed Grum
  5972 | D:9      | Found a flagged portal.
  5978 | Bailey   | Entered a bailey
  6569 | Bailey   | Reached skill level 10 in Fighting
  7369 | D:9      | Reached skill level 10 in Armour
  7782 | D:9      | Reached XP level 11. HP: 95/101 MP: 10/10
  8259 | D:10     | Entered Level 10 of the Dungeon
  8271 | D:10     | Noticed a rakshasa
  8309 | D:10     | HP: 4/102 [rakshasa (illusionary)/+3 trident of venom (8)]
  8636 | D:10     | Noticed a deep elf pyromancer
  8636 | D:10     | Noticed a deep elf pyromancer
  8644 | D:10     | Killed a deep elf pyromancer
  8647 | D:10     | Killed a deep elf pyromancer
  8656 | D:10     | Noticed Fannar
  8701 | D:10     | Noticed Josephine
  8717 | D:10     | Killed Josephine
  8854 | D:10     | Noticed a centaur warrior
  9088 | D:10     | Killed a centaur warrior
  9103 | D:10     | Found Erhox's Assorted Antiques.
  9122 | D:10     | Bought a scroll of identify for 56 gold pieces
  9122 | D:10     | Bought 3 scrolls labelled KEVVELELYL for 84 gold pieces
  9122 | D:10     | Bought a pair of embroidered boots for 210 gold pieces
  9133 | D:10     | Bought a pair of gloves for 126 gold pieces
  9173 | D:10     | Killed Fannar
  9255 | D:10     | Noticed a centaur warrior
  9264 | D:10     | Killed a centaur warrior
  9337 | D:10     | Killed a rakshasa
  9499 | D:10     | Found Amarat's General Store.
  9505 | D:10     | Bought a potion of curing for 39 gold pieces
  9505 | D:10     | Bought a +2 war axe of flaming for 237 gold pieces
  9532 | D:10     | Found Jubuvaw's General Store.
  9547 | D:10     | Bought a potion of resistance for 140 gold pieces
  9547 | D:10     | Bought a scroll of enchant armour for 105 gold pieces
  9547 | D:10     | Bought a potion of flight for 42 gold pieces
  9562 | D:10     | Noticed an ogre mage
  9567 | D:10     | Killed an ogre mage
  9661 | D:10     | Found Juil's Magic Scroll Shop.
  9671 | D:10     | Bought a scroll of teleportation for 39 gold pieces
  9671 | D:10     | Bought 2 scrolls of identify for 52 gold pieces
  9671 | D:10     | Bought a scroll of noise for 13 gold pieces
  9794 | D:11     | Found a staircase to the Lair.
  9812 | D:11     | Reached XP level 12. HP: 116/116 MP: 11/11
 10077 | D:11     | Noticed Sonja
 10090 | D:11     | Killed Sonja
 10153 | D:11     | Found a white marble altar of Elyvilon.
 10533 | D:11     | Noticed an ogre mage
 10533 | D:11     | Noticed a four-headed hydra
 10533 | D:11     | Noticed an ogre mage
 10533 | D:11     | Noticed a boulder beetle
 10538 | D:11     | Killed an ogre mage
 10541 | D:11     | Killed an ogre mage
 10544 | D:11     | Killed a one-headed hydra
 10556 | D:11     | Killed a boulder beetle
 10577 | D:11     | Noticed a sphinx
 10590 | D:11     | Killed a sphinx
 10597 | D:11     | Identified the +1 quarterstaff of Hatred {flame, rC+ rN+
                  | Int-3}
 10852 | D:12     | Reached skill level 15 in Fighting
 10926 | D:12     | Found a staircase to the Orcish Mines.
 10950 | D:12     | Noticed a tengu warrior
 10956 | D:12     | Killed a tengu warrior
 10957 | D:12     | Reached skill level 15 in Armour
 11459 | D:12     | Noticed Frances
 11480 | D:12     | Killed from afar by Frances

Illustrated notes

Levels and vault maps discovered:
D:1:      roderic_dead_forest, layout_basic, minmay_misc_feat_more_columns,
          corexii_item_surrounded_by_moat, minmay_octomino_c4
D:2:      layout_rooms, serial_glass, glass_columns_a, glass_columns_b,
          item_on_display_a, item_on_display_a, item_on_display_b, uniq_robin,
          uniq_terence
D:3:      layout_basic, mainiacjoe_overflow_divided_tiny,
          minmay_misc_feat_ornament
D:4:      layout_cave_pools, minmay_overflow_temple_star_quad, xom_butterflies,
          uniq_natasha, uniq_crazy_yiuf_cottage
D:5:      layout_loops_ring, minmay_temple_entry_overgrown
D:6:      layout_basic
D:7:      layout_rooms, kiku_gazebo_garden_becter, uniq_joseph
D:8:      layout_basic, mainiacjoe_overflow_24_doors,
          nemelex_diamond_rough_becter, nicolae_concentric_dashed_squares_wild,
          uniq_maurice, uniq_psyche
D:9:      layout_roguey, fedhas_altar_1, enter_bailey_2,
          serial_co_window_serial, co_window_corner_a, co_window_paths_a,
          co_window_paths_b, co_window_corner_a, co_window_corner_a,
          co_window_corner_a, co_window_paths_a, co_window_corner_a,
          co_window_of_opportunity_a, co_window_broadway_a,
          co_window_broadway_b, co_window_2corner, co_window_cross_3,
          co_window_corner_cb, glass_columns_a, glass_columns_c,
          glass_columns_a, glass_columns_b, glass_columns_b,
          minmay_misc_feat_nine_boxes, corexii_hall_statues_i, uniq_grum
D:10:     minmay_diamond_stairs, layout_rooms, serial_shops, shop, shop,
          nicolae_square_shop, nicolae_lakefront_shop, uniq_josephine,
          uniq_fannar
D:11:     minmay_shrinking_squares, layout_loops_ring,
          due_lair_maze_entry_diamond, elyvilon_altar_3, uniq_sonja
D:12:     layout_loops_corners, orc_david_3, uniq_frances

Skill      XL: |  1  2  3  4  5  6  7  8  9 10 11 12 |
---------------+-------------------------------------+-----
Axes           | 4 5 6 7 9 11 14 | 14.3
Fighting       | 7 10 13 15 | 15.5
Armour         | 7 10 13 15 | 15.3
Dodging        | |  2.5

Action                     |  1- 3 |  4- 6 |  7- 9 | 10-12 || total
---------------------------+-------+-------+-------+-------++-------
  Melee: Hand axe          |    35 |    39 |   239 |   294 ||   607
         Headbutt          |    13 |    13 |    38 |    90 ||   154
         War axe           |    64 |    80 |       |   173 ||   317
         Punch             |     1 |     1 |     2 |     3 ||     7
  Throw: Throwing net      |       |       |       |     2 ||     2
 Invoke: Berserk           |     1 |     3 |     6 |    22 ||    32
         Trog's Hand       |       |     2 |     9 |    32 ||    43
    Use: Scroll            |       |       |       |    24 ||    24
         Potion            |       |       |       |    14 ||    14
 Armour: Plate armour      |   108 |    71 |   123 |   445 ||   747
         Animal skin       |     1 |       |       |       ||     1
  Dodge: Dodged            |    47 |    36 |    65 |   219 ||   367

Table legend: (Time is in decaauts)
 A = Elapsed time spent in this place.
 B = Non-inter-level travel time spent in this place.
 C = Inter-level travel time spent in this place.
 D = Time resting spent in this place.
 E = Time spent auto-exploring this place.
 F = Levels seen in this place.
 G = Mean time per level.
                   A        B        C        D        E       F      G
               +--------+--------+--------+--------+--------+-----+--------+
         Total |  11602 |  10801 |    801 |    924 |   7895 |  13 |  892.5 |
       Dungeon |  10519 |   9718 |    801 |    621 |   7305 |  12 |  876.6 |
        Bailey |   1082 |   1082 |      0 |    303 |    589 |   1 | 1082.0 |
               +--------+--------+--------+--------+--------+-----+--------+

Top non-repeatable levels by time:
     D:9: 2008 daAuts
  Bailey: 1082 daAuts
    D:11: 1056 daAuts
     D:8: 906 daAuts
    D:10: 857 daAuts
     D:6: 812 daAuts
     D:4: 796 daAuts
     D:2: 746 daAuts
     D:1: 722 daAuts
    D:12: 711 daAuts
     D:7: 705 daAuts
     D:5: 680 daAuts
     D:3: 516 daAuts
